 Dungeon Crawl Stone Soup version 0.30-b1-2-g02819fbbbe (webtiles) character file.

Game seed: 8788628295473198900

115 raph the Changer (level 4, -2/35 HPs)
             Began as a Draconian Transmuter on May 8, 2023.
             Slain by an orc
             ... wielding a +0 short sword
              (4 damage)
             ... on level 3 of the Dungeon.
             The game lasted 00:03:31 (2266 turns).

raph the Changer (Draconian Transmuter)             Turns: 2266, Time: 00:03:31

Health: -2/35      AC:  5    Str: 12    XL:     4   Next: 68%
Magic:  5/7        EV: 12    Int: 16    God:
Gold:   90         SH:  0    Dex: 11    Spells: 1/7 levels left

rFire   . .          .
                       - Unarmed
rCold   . . .        (no shield)
rNeg    . . .        (body armour unavailable)
rPois   .            (helmet currently unavailable)
rElec   .            (no cloak)
rCorr   .            (no gloves)
SInv    .            (boots currently unavailable)
Will    .....        (no amulet)
Stlth   +            (no ring)
HPRegen 0.25/turn    (no ring)
MPRegen 0.10/turn

%: no passive effects
@: appendages (expiring), wereblooded
A: horns 2, talons 2, AC +5, unfitting armour, cold-blooded
a: End Transformation


You were on level 3 of the Dungeon.
You had temporarily grown beastly horns and talons.
You visited 1 branch of the dungeon, and saw 3 of its levels.

You collected 138 gold pieces.
You spent 48 gold pieces at shops.

Inventory:

Scrolls
 c - a scroll of magic mapping {unknown}
 e - 2 scrolls of vulnerability {unknown}
 f - a scroll of poison {unknown}
 i - a scroll of blinking {unknown}
Potions
 a - 2 potions of lignification
 b - 3 potions of curing
 d - a potion of heal wounds {unknown}
 g - a potion of might
 h - a potion of flight {unknown}
 j - a potion of invisibility {unknown}


   Skills:
 + Level 1.3 Fighting
 - Level 1.7 Dodging
 + Level 3.1 Unarmed Combat
 - Level 2.0 Spellcasting
 * Level 4.7 Transmutations
 + Level 0.5 Poison Magic


You had one spell level left.
You knew the following spells:

 Your Spells              Type           Power      Damage    Failure   Level
a - Beastly Appendage     Tmut           32%        N/A       3%          1
b - Wereblood             Tmut           16%        N/A       4%          2
c - Spider Form           Tmut/Pois      10%        N/A       22%         3

Your spell library contained the following spells:

 Spells                   Type           Power      Damage    Failure   Level
 Lesser Beckoning         Tloc           2%         N/A       30%         2
 Gell's Gravitas          Tloc           1%         N/A       52%         3
 Teleport Other           Tloc           1%         N/A       52%         3
 Ice Form                 Ice/Tmut       9%         N/A       61%         4


Dungeon Overview and Level Annotations

Branches:
Dungeon (3/15)

Altars:
Ashenzari

Shops:
D:1 *


Innate Abilities, Weirdness & Mutations

You have temporarily grown beastly horns and talons.
Your plain brown scales are hard. (AC +5)
You cannot fit into any form of body armour.
You are cold-blooded and may be slowed by cold attacks.


Message History

A kobold comes into view. It is wielding a +0 club.
The orc hits you with a +0 short sword.
You closely miss the orc. You headbutt the orc.
The orc is severely wounded.
Your transformation is almost over.
The orc hits you with a +0 whip.
The orc priest casts a cantrip, but nothing happens.
The orc closely misses you.
You hit the orc but do no damage.
The orc is severely wounded.
The orc hits you but does no damage.
You closely miss the orc. Your kick misses the orc.
Your headbutt misses the orc.
The orc is heavily wounded.
The orc closely misses you. The orc hits you with a +0 short sword.
The kobold completely misses you.
You hit the orc but do no damage. You claw the orc, but do no damage.
The orc is heavily wounded.
The orc hits you with a +0 whip. The kobold barely misses you.
The orc closely misses you. The orc hits you with a +0 short sword.
You hit the kobold. You punch the kobold.
You feel a bit better.
You kill the kobold!
The orc hits you but does no damage. The orc hits you with a +0 short sword.
The orc misses you. The orc hits you but does no damage.
Items here: $ ( ) †.
The orc attacks as you move away! The orc closely misses you.
You howl as the wereblood boils in your veins!
The orc barely misses you.
You barely miss the orc. Your kick misses the orc.
The orc hits you with a +0 whip.
The orc priest mumbles some strange prayers to Beogh against you.
Beogh smites you!
* * * LOW HITPOINT WARNING * * *
The orc hits you with a +0 short sword.
* * * LOW HITPOINT WARNING * * *
It was a potion of curing.
You feel better. The orc hits you with a +0 whip.
* * * LOW HITPOINT WARNING * * *
The orc hits you with a +0 short sword.
You die...

.####...$#...........
.....................
#>...................
#####...##..........
#............#...
#†#.....##..##
####g#o.#...<..#
#..oooo....##...
......#@#####.)#
##......# #.#
####..## ... #.. #.
##. .. .# #.


You could see an orc priest, 4 orcs and a goblin.

Vanquished Creatures
  Jessica (D:2)
  3 adders (D:2)
  A dart slug (D:1)
  2 worms (D:2)
  3 ball pythons
  4 endoplasms
  A giant cockroach (D:1)
  5 goblins
  4 hobgoblins
  6 jackals
  3 quokkas
  5 bats
  3 frilled lizards
  6 kobolds
  6 rats
53 creatures vanquished.

Notes
Turn   | Place    | Note
-------+----------+-------------------------------------------
     0 | D:1      | raph the Draconian Transmuter began the quest for the Orb.
     0 | D:1      | Reached XP level 1. HP: 16/16 MP: 3/3
   175 | D:1      | You fall into a shaft and drop 1 floor!
   374 | D:1      | Reached XP level 2. HP: 23/23 MP: 3/5
   492 | D:1      | Reached skill level 3 in Transmutations
   859 | D:1      | Found Woef Beu's General Store.
   870 | D:1      | Learned a level 2 spell: Wereblood
   988 | D:1      | Bought a potion of might for 48 gold pieces
  1046 | D:1      | Reached XP level 3. HP: 28/28 MP: 4/6
  1186 | D:2      | Noticed Jessica
  1199 | D:2      | Killed Jessica
  1200 | D:2      | Reached skill level 4 in Transmutations
  1276 | D:2      | Found a broken altar of Ashenzari.
  1293 | D:2      | Reached XP level 4. HP: 33/35 MP: 5/7
  1455 | D:2      | Learned a level 3 spell: Spider Form
  2242 | D:3      | Found a faded altar of an unknown god.
  2265 | D:3      | HP: 1/35 [orc/+0 short sword (2)]
  2266 | D:3      | Slain by an orc

Illustrated notes

Levels and vault maps discovered:
D:1:      dpeg_arrival_water_fire, layout_basic, serial_shops, shop, hex_medium
D:2:      layout_basic, basic_altar, uniq_jessica
D:3:      layout_rooms, chequers_temple_overflow_minitemple,
          mainiacjoe_overflow_catwalk, basic_ecumenical_altar,
          due_unseen_surprise

Skill      XL: |  1  2  3 |
---------------+----------+-----
Transmutations | 3 4 |  4.7
Fighting       | |  1.3
Dodging        | |  1.7
Unarmed Combat | |  3.1
Spellcasting   | |  2.0
Poison Magic   | |  0.5

Action                     |  1- 3 |  4- 6 || total
---------------------------+-------+-------++-------
  Melee: Unarmed           |    67 |    56 ||   123
         Headbutt          |    12 |     6 ||    18
         Tailslap          |     4 |     5 ||     9
         Kick              |    13 |     9 ||    22
         Punch             |       |     1 ||     1
   Cast: Beastly Appendage |    21 |    14 ||    35
         Wereblood         |     1 |     2 ||     3
    Use: Potion            |       |     1 ||     1
 Armour: Skin              |    14 |    29 ||    43
  Dodge: Dodged            |    46 |    50 ||    96
